Map: Dragon Scales LE

Players

Metamyth - Winner!

  • Race: Zerg Zerg
  • League: Master
  • Spawn Location: 11:00

Oppai

  • Race: Protoss Protoss
  • League: Diamond
  • Spawn Location: 5:00

VOD

Have the link to the VOD?

Description

Time

  • Played on: July 29, 2023, 3:20 a.m.
  • Length: 18:26
Show
View Real Time Build Order
Export as new Build Order

Metamyth Zerg - Winner!

Build Orders: Hatch First 

Get SALT Encoding   

  12  0:00  Drone  
  13  0:13  Overlord  
  13  0:16  Drone  
  14  0:31  Drone x2  
  16  0:50  Hatchery  
  16  0:52  Drone  
  16  0:55  Drone  
  17  0:58  Drone  
  18  1:10  Extractor  
  17  1:14  Spawning Pool  
  17  1:17  Drone  
  17  1:20  Drone  
  18  1:28  Drone  
  19  1:39  Drone  
  20  1:49  Overlord  
  20  2:01  Queen  
  20  2:02  Queen  
  20  2:03  Zergling x4  
  26  2:12  Drone  
  26  2:13  Drone  
  26  2:14  Metabolic Boost  
  28  2:22  Drone  
  29  2:24  Drone  
  30  2:36  Hatchery  
  29  2:39  Drone  
  29  2:40  Drone  
  29  2:43  Drone  
  32  2:47  Overlord  
  32  2:53  Queen  
  34  2:59  Drone x2  
  36  3:10  Drone x5  
  41  3:15  Overlord  
  41  3:18  Zergling x4  
  43  3:21  Drone  
  44  3:33  Queen, Drone x2  
  44  3:34  Drone  
  49  3:39  Spore Crawler  
  49  3:40  Spore Crawler  
  47  3:42  Overlord  
  47  3:43  Drone  
  47  3:47  Zergling x6  
  51  3:52  Queen  
  51  3:54  Drone  
  54  3:56  Drone  
  54  3:58  Drone  
  56  4:06  Drone x5  
  60  4:13  Overlord  
  60  4:14  Drone  
  61  4:21  Drone x4  
  65  4:27  Spore Crawler  
  65  4:28  Overlord  
  64  4:34  Extractor  
  63  4:41  Drone x6  
  66  4:45  Drone x2  
  66  4:46  Drone  
  66  4:51  Drone  
  69  4:56  Baneling Nest  
  69  4:58  Roach Warren  
  69  4:59  Drone, Lair  
  69  5:00  Drone x5  
  69  5:06  Extractor  
  72  5:14  Drone x2  
  72  5:15  Drone x4  
  72  5:18  Hatchery  
  77  5:25  Overlord  
  77  5:30  Extractor  
  77  5:31  Extractor, Drone x2  
  77  5:32  Drone x2  
  77  5:34  Extractor  
  78  5:36  Evolution Chamber  
  78  5:42  Overlord x5  
  77  5:56  Centrifugal Hooks, Glial Reconstitution  
  77  5:58  Overlord x5  
  77  6:08  Drone x5  
  77  6:09  Drone x4  
  86  6:14  Zerg Melee Weapons Level 1  
  86  6:17  Roach x2  
  86  6:18  Roach  
  91  6:22  Zergling x8  
  95  6:32  Zergling x8  
  99  6:33  Zergling x2  
  99  6:34  Queen  
  102  6:44  Zergling x2  
  102  6:45  Zergling x20  
  113  6:57  Roach x4  
  121  7:05  Roach x3  
  121  7:06  Roach x3  
  133  7:11  Baneling  
  133  7:12  Baneling x13  
  133  7:19  Hatchery  
  133  7:20  Drone, Hydralisk Den  
  133  7:21  Drone x5  
  137  7:28  Roach x3  
  137  7:29  Roach  
  145  7:33  Zergling x2  
  145  7:34  Zergling x6  
  149  7:43  Roach x3  
  141  8:01  Zergling x2  
  141  8:02  Zergling x30  
  153  8:14  Overlord x3  
  151  8:23  Zergling x2  
  151  8:24  Zergling x16  
  158  8:27  Hatchery  
  158  8:31  Infestation Pit  
  156  8:34  Ravager x4  
  156  8:35  Ravager x3  
  156  8:38  Baneling x9  
  156  8:40  Overseer  
  163  8:41  Queen  
  163  8:44  Grooved Spines  
  163  8:47  Roach x5  
  163  8:48  Roach x4  
  183  8:50  Overlord  
  183  8:52  Overlord  
  139  9:12  Roach x11  
  139  9:13  Roach x3  
  139  9:16  Hive  
  159  9:19  Zergling x2  
  159  9:20  Zergling x18  
  169  9:25  Zerg Melee Weapons Level 2  
  169  9:37  Zergling x12  
  169  9:38  Zergling x10  
  180  9:42  Baneling x14  
  180  9:45  Queen  
  182  9:54  Zergling x2  
  182  9:55  Zergling x18  
  192  10:02  Spine Crawler  
  192  10:06  Spine Crawler  
  190  10:07  Spine Crawler  
  190  10:10  Zergling x2  
  190  10:11  Zergling x18  
  154  10:34  Roach x6  
  154  10:35  Roach x9  
  146  10:43  Zergling x16  
  150  10:53  Queen  
  146  11:05  Roach x5  
  155  11:16  Roach x4  
  155  11:17  Roach x5  
  152  11:29  Roach  
  152  11:30  Roach x12  
  154  11:40  Drone  
  154  11:41  Extractor, Drone x6  
  154  11:42  Extractor  
  154  11:45  Zerg Melee Weapons Level 3  
  156  11:50  Zergling x14  
  159  12:11  Ravager  
  159  12:12  Ravager x7  
  159  12:13  Zergling x2  
  159  12:14  Zergling x28  
  182  12:23  Hatchery  
  180  12:42  Roach x8  
  180  12:43  Roach x2  
  200  12:49  Muscular Augments  
  200  13:00  Baneling x19  
  200  13:01  Baneling x4, Evolution Chamber  
  200  13:02  Ravager  
  200  13:07  Evolution Chamber  
  164  13:53  Hydralisk  
  164  13:54  Hydralisk x17  
  199  13:58  Lurker Den  
  198  14:04  Spine Crawler  
  198  14:08  Overseer  
  198  14:09  Queen  
  199  14:11  Drone  
  199  14:14  Baneling x5  
  199  14:15  Baneling x2  
  169  14:31  Hydralisk  
  169  14:32  Hydralisk x13  
  169  14:33  Hydralisk  
  171  14:44  Hydralisk  
  171  14:45  Hydralisk x4  
  166  14:54  Hydralisk  
  166  14:55  Hydralisk x2  
  133  15:07  Hydralisk  
  133  15:08  Hydralisk x3  
  137  15:16  Hydralisk x3  
  130  15:24  Lurker x2  
  130  15:26  Lurker x4  
  136  15:28  Hydralisk  
  138  15:44  Hydralisk  
  138  15:45  Roach, Hydralisk x3  
  148  16:02  Roach  
  148  16:03  Roach x7  
  164  16:15  Zerg Missile Weapons Level 1  
  164  16:16  Adaptive Talons  
  155  16:52  Zergling x2  
  155  16:53  Zergling x50  
  155  16:54  Zergling x2  
  150  17:10  Lurker x7  
  150  17:13  Seismic Spines  
  157  17:20  Hatchery  
  156  17:27  Zergling x2  
  156  17:28  Zergling x6  
  160  17:44  Hydralisk x5  
  160  17:46  Overlord  
  167  17:52  Spine Crawler  
Show
View Real Time Build Order
Export as new Build Order

Oppai Protoss 

Build Orders: 1 Gate Expand, Oracle Opening, Zealot Archon 

Get SALT Encoding   

  12  0:00  Probe  
  13  0:12  Probe  
  14  0:21  Pylon  
  14  0:25  Probe  
  15  0:39  Probe (Chrono Boost)  
  15  0:40  Gateway  
  16  0:48  Assimilator, Probe (Chrono Boost)  
  17  0:53  Probe  
  18  1:05  Probe  
  19  1:19  Probe  
  20  1:26  Nexus  
  20  1:37  Cybernetics Core  
  21  1:43  Assimilator  
  21  1:44  Probe  
  21  1:53  Pylon  
  21  1:56  Probe (Chrono Boost)  
  23  2:08  Probe (Chrono Boost)  
  23  2:12  Adept (Chrono Boost)  
  25  2:21  Probe, Stargate  
  26  2:25  Warp Gate  
  26  2:34  Probe (Chrono Boost)  
  27  2:39  Adept  
  27  2:40  Probe (Chrono Boost)  
  32  2:51  Probe x2 (Chrono Boost)  
  32  2:56  Probe (Chrono Boost)  
  32  2:57  Probe (Chrono Boost)  
  34  3:05  Oracle (Chrono Boost)  
  37  3:06  Probe  
  37  3:09  Probe  
  39  3:17  Adept  
  39  3:18  Probe  
  42  3:21  Probe  
  42  3:23  Pylon  
  43  3:27  Gateway  
  43  3:30  Probe  
  43  3:33  Probe  
  45  3:41  Oracle  
  48  3:51  Pylon  
  48  3:57  Nexus  
  48  4:07  Probe  
  48  4:08  Probe  
  50  4:10  Assimilator  
  50  4:14  Assimilator  
  50  4:15  Shield Battery  
  50  4:18  Adept  
  50  4:19  Probe (Chrono Boost)  
  50  4:20  Probe (Chrono Boost)  
  50  4:22  Adept  
  58  4:31  Probe (Chrono Boost)  
  58  4:32  Probe (Chrono Boost)  
  58  4:33  Twilight Council  
  58  4:37  Probe x2 (Chrono Boost)  
  57  4:47  Probe  
  58  4:53  Probe  
  58  4:54  Adept  
  58  4:58  Pylon  
  61  5:01  Pylon x2  
  61  5:02  Forge  
  61  5:07  Gateway, Probe  
  62  5:15  Stalker x2  
  66  5:30  Probe  
  66  5:31  Charge (Chrono Boost)  
  66  5:33  Probe  
  68  5:36  Protoss Ground Weapons Level 1, Probe  
  68  5:38  Templar Archives  
  68  5:42  Gateway  
  69  5:43  Gateway  
  69  5:48  Probe (Chrono Boost)  
  69  5:49  Probe (Chrono Boost)  
  71  5:51  Assimilator  
  71  5:52  Zealot x2  
  71  5:53  Probe (Chrono Boost)  
  71  5:55  Assimilator  
  76  6:00  Probe (Chrono Boost)  
  76  6:01  Probe (Chrono Boost)  
  76  6:02  Robotics Facility  
  78  6:07  Gateway  
  77  6:12  Adept  
  77  6:18  Probe (Chrono Boost)  
  81  6:20  Probe (Chrono Boost)  
  81  6:21  Probe (Chrono Boost)  
  82  6:29  Probe (Chrono Boost), High Templar  
  82  6:30  High Templar  
  82  6:31  Probe (Chrono Boost)  
  89  6:32  Psionic Storm  
  89  6:33  Probe (Chrono Boost)  
  89  6:34  Probe (Chrono Boost), High Templar  
  89  6:37  Probe  
  93  6:43  Pylon, High Templar  
  93  6:44  Zealot, Pylon  
  93  6:45  Probe  
  98  6:51  Probe  
  99  7:01  Probe  
  97  7:02  Immortal (Chrono Boost)  
  97  7:03  Probe  
  97  7:06  Zealot x4  
  109  7:09  Probe  
  109  7:13  Probe  
  111  7:16  Pylon  
  111  7:18  Pylon  
  111  7:19  Pylon, High Templar x2  
  111  7:20  Pylon  
  115  7:24  Archon  
  115  7:26  High Templar  
  117  7:30  Pylon  
  117  7:34  Gateway  
  117  7:35  Immortal  
  121  7:39  Forge  
  121  7:41  Zealot x3  
  103  8:01  Zealot x3  
  103  8:04  Zealot x3  
  115  8:05  Probe  
  116  8:13  Immortal (Chrono Boost)  
  114  8:22  Probe x2  
  114  8:23  Pylon, Probe  
  114  8:25  High Templar x2  
  121  8:29  High Templar  
  121  8:30  High Templar x2  
  121  8:32  Archon, High Templar  
  121  8:34  Archon  
  129  8:35  Archon  
  129  8:44  Zealot  
  129  8:45  Nexus  
  129  8:46  Pylon  
  131  8:50  Pylon  
  125  9:06  Zealot x7  
  124  9:12  Warp Prism (Chrono Boost)  
  122  9:27  Probe, Photon Cannon  
  122  9:29  High Templar, Photon Cannon  
  122  9:30  High Templar, Photon Cannon  
  127  9:31  Photon Cannon  
  127  9:32  High Templar  
  127  9:33  Gateway, High Templar  
  127  9:35  High Templar  
  127  9:37  Probe  
  135  9:38  Probe  
  135  9:40  High Templar  
  135  9:41  Archon  
  137  9:48  Robotics Facility  
  137  9:52  Probe x3  
  140  9:58  Robotics Bay  
  140  10:09  Zealot x6  
  152  10:28  Zealot  
  120  10:29  Archon  
  84  10:43  High Templar x4  
  84  10:47  Archon  
  84  10:48  Archon  
  81  10:50  Immortal x2  
  81  10:56  Zealot x4, Protoss Ground Armor Level 1 (Chrono Boost)  
  91  11:22  Zealot x6  
  95  11:30  Zealot x2  
  87  11:41  Immortal (Chrono Boost)  
  87  11:42  Immortal (Chrono Boost)  
  95  11:48  Zealot x6  
  95  11:51  Shield Battery  
  95  11:52  High Templar x2  
  111  11:54  Shield Battery  
  111  11:59  Protoss Ground Weapons Level 2 (Chrono Boost)  
  107  12:09  Zealot, High Templar  
  107  12:10  High Templar x2  
  107  12:11  High Templar  
  107  12:13  Zealot  
  123  12:15  Immortal (Chrono Boost)  
  123  12:17  Archon  
  123  12:24  Pylon  
  123  12:25  Pylon  
  123  12:29  Zealot x2  
  127  12:30  Probe  
  124  12:41  High Templar x2  
  128  12:45  Archon  
  131  12:51  Immortal (Chrono Boost)  
  131  12:52  Immortal (Chrono Boost)  
  131  12:55  Zealot  
  131  12:56  Zealot  
  140  13:01  Zealot x2  
  144  13:14  High Templar x2  
  144  13:19  Archon  
  148  13:24  Observer  
  148  13:25  Protoss Ground Armor Level 2 (Chrono Boost)  
  142  13:42  Stalker x6  
  128  13:54  Zealot x2  
  128  14:03  Probe  
  128  14:04  Probe  
  128  14:05  Pylon  
  130  14:10  Zealot x4  
  130  14:15  Zealot  
  134  14:27  Zealot x2  
  101  14:44  Zealot x3  
  107  14:51  Archon  
  93  14:55  Zealot x2, High Templar  
  93  14:56  High Templar  
  93  15:05  Archon  
  89  15:18  Zealot x2  
  89  15:19  Zealot x2  
  89  15:24  Zealot  
  89  15:26  High Templar  
  93  15:28  High Templar  
  93  15:35  Archon, High Templar  
  93  15:43  Probe  
  93  15:44  Probe x2  
  96  15:56  Probe  
  97  15:58  Zealot x2  
  101  16:11  High Templar  
  101  16:12  High Templar x3  
  101  16:13  High Templar x2  
  113  16:21  Observer (Chrono Boost)  
  113  16:24  Archon x2  
  114  16:38  Zealot x2  
  100  16:55  Zealot x5  
  106  17:08  High Templar x2  
  110  17:27  Nexus  
  110  17:42  Pylon  
  110  17:45  Observer  
  105  17:58  High Templar x2  
  105  18:05  Shield Battery  
  97  18:21  Archon x2  
  97  18:22  Zealot  
  97  18:23  Zealot x2  
Tags
 
Add a new tag
Caveats
  • Supply blocks, unpowered buildings, or Contaminate may cause inaccurate times.
  • Supply counts are checked every 10 seconds.